Penguins vs Devils

Created - 21 novembre 2021 at 17:52

Goals
1 2 3 T
Penguins 1 1 0 2
Devils 1 2 0 3
Shots
1 2 3 T
Penguins 10 11 14 35
Devils 12 13 7 32

GoalsPenalties
1st period
1. Penguins , Brady Tkachuk 2 (Jack Eichel 9, Nick Holden 10) at 4:45
2. Devils , Jimmy Vesey 3 (Nicolas Roy 3, Pierre Engvall 7) at 13:07
Pierre Engvall (NJD) for High sticking (Minor) at 14:03
2nd period
3. Penguins , Jonathan Drouin 2 (Sami Vatanen 8, Jack Eichel 10) at 7:11 (PP)
4. Devils , Colin Miller 1 (William Nylander 9) at 10:39
5. Devils , Kevin Stenlund 1 (Andreas Johnsson 8, Charlie McAvoy 8) at 16:02
Sami Vatanen (PIT) for Interference (Minor) at 2:56
Juho Lammikko (NJD) for Hooking (Minor) at 5:32
Luke Schenn (NJD) for Charging (Minor) at 8:45
Brady Tkachuk (PIT) for Hooking (Minor) at 8:45
Nicolas Roy (NJD) for Hooking (Minor) at 11:28
3rd period
No Goal
No Penalty
Goalie Stats
Thatcher Demko (PIT), 29 saves from 32 shots - (0,906), L, 6-5-1, 59:06 minutes
Alex Nedeljkovic (NJD), 33 saves from 35 shots - (0,943), W, 5-1-4, 60:00 minutes
3 StarsOfficial
1 - Alex Nedeljkovic (NJD)
2 - Brady Tkachuk (PIT)
3 - Colin Miller (NJD)
Referees : Jon Mclsaac and Garrett Rank
Linesman : Tony Sericolo and Steve Miller
Game Note
No Game Note
Finance
Level 1 -- Attendance: 5000 (100,00%) -- Ticket Income 300 000 $
Level 2 -- Attendance: 4000 (100,00%) -- Ticket Income 160 000 $
Level 3 -- Attendance: 3000 (100,00%) -- Ticket Income 60 000 $
Level 4 -- Attendance: 4000 (100,00%) -- Ticket Income 48 000 $
Luxury Box -- Attendance: 959 (95,90%) -- Ticket Income 134 260 $
Game was played at the Prudential Center.
Total Attendance: 16959 (99,76%)
Total Ticket Income: 702 260 $
Other Income: 344 107 $
Total Income: 1 046 367 $



Team Name Goals Shots Shots Attemp Shots Blocked PIM HIT PP PK FO%
Penguins 2356464271 / 3 (33%)049%
Devils 33262118200 / 1 (0%)151%

Penguins
Player Name POS G A P +/- PIM HIT SHT SB MP PP MP PP SHT PK MP PK SHT FO% FOT
Arthur KaliyevRW0000014014:320:0000:0000% 0
Brady TkachukLW1011261015:320:2900:000100% 1
Brett ConnollyRW000-1001111:160:0000:0000% 1
Dan HamhuisD0000021114:560:0000:5000% 0
Dominic ToninatoC000-103109:560:0000:00050% 10
Duncan KeithD0000010122:582:5701:2900% 0
Filip ZadinaRW0001003018:093:0500:0000% 1
Jack EichelC0220004018:392:3200:11045% 20
Jonathan DrouinC/LW/RW101-1034018:032:3210:3000% 1
Kirby DachC/RW0000013017:143:0510:00063% 19
Nick HoldenD011-2062220:000:0000:3000% 0
Nick RitchieLW000-1002013:522:3600:0000% 1
Niklas HjalmarssonD000-1012120:402:4000:3000% 0
Richard PanikLW/RW000-1001011:440:0000:41050% 2
Sami VatanenD011-1201023:212:5710:0000% 0
Trevor LewisC/LW/RW000-1021011:370:0001:180100% 1
Ty SmithD0000002017:182:4000:3900% 0
Zack SmithC/LW000-1012016:132:3201:18044% 16
Devils
Player Name POS G A P +/- PIM HIT SHT SB MP PP MP PP SHT PK MP PK SHT FO% FOT
Andreas JohnssonLW/RW0110030115:121:0800:0000% 0
Charlie McAvoyD0110031423:041:0812:5100% 0
Colin MillerD1011011022:530:5102:4600% 0
Jason SpezzaC/RW0000012015:121:0800:00070% 20
Jimmy VeseyLW/RW1011001013:500:0000:000100% 1
Johnny BoychukD0001002218:270:5102:2800% 0
Josh LeivoLW/RW000000207:350:0000:51050% 2
Josh MorrisseyD0001024223:221:0813:0900% 0
Juho LammikkoC000020006:260:0000:0000% 0
Kevin StenlundC/RW1010001014:210:0000:0000% 0
Luke SchennD0000210114:020:0000:0000% 0
Nicolas RoyC0111222016:090:0001:31048% 21
Pierre EngvallC/LW/RW0111214014:400:5110:0000% 1
Rickard RakellC/LW/RW0001034021:030:5103:150100% 1
Tim StutzleLW0000022020:061:0802:22040% 15
Travis DermottD0001011118:110:0000:0000% 0
Victor RaskC000000106:440:0000:00029% 7
William NylanderC/LW/RW0111004021:030:5113:15040% 5

Penguins

5 vs 5 Forward
Line #Left WingCenterRight WingPHYDFOFWanted %Time %Time Play
1Brady TkachukJack EichelFilip Zadina0233430%14:57
2Jonathan DrouinKirby DachArthur Kaliyev0233028%14:09
3Nick RitchieZack SmithBrett Connolly1312222%11:16
4Trevor LewisDominic ToninatoRichard Panik2301420%9:56
5 vs 5 Defense
Line #DefenseDefensePHYDFOFWanted %Time %Time Play
1Duncan KeithSami Vatanen0323837%18:32
2Nick HoldenNiklas Hjalmarsson0323635%17:30
3Dan HamhuisTy Smith1312626%13:15
4Nick HoldenSami Vatanen12202%1:01
Power Play Forward
Line #Left WingCenterRight WingPHYDFOFWanted %Time %Time Play
1Zack SmithJack EichelJonathan Drouin0055045%2:32
2Nick RitchieKirby DachFilip Zadina0055055%3:05
Power Play Defense
Line #DefenseDefensePHYDFOFWanted %Time %Time Play
1Duncan KeithSami Vatanen0235053%2:57
2Ty SmithNiklas Hjalmarsson0235047%2:40
Penalty Kill 4 Players Forward
Line #CenterWingPHYDFOFWanted %Time %Time Play
1Zack SmithTrevor Lewis0505066%1:18
2Jonathan DrouinRichard Panik0505034%0:41
Penalty Kill 4 Players Defense
Line #DefenseDefensePHYDFOFWanted %Time %Time Play
1Duncan KeithDan Hamhuis1405075%1:29
2Nick HoldenNiklas Hjalmarsson1405025%0:30
Penalty Kill 3 Players
Line #WingPHYDFOFWanted %Time %Time PlayDefenseDefensePHYDFOFWanted %Time %Time Play
1Zack Smith050500%0:00 Sami VatanenNick Holden050500%0:00
2Jonathan Drouin050500%0:00 Dan HamhuisTy Smith050500%0:00
4 vs 4 Forward
Line #CenterWingPHYDFOFWanted %Time %Time Play
1Zack SmithRichard Panik0235056%1:07
2Jack EichelJonathan Drouin0235044%0:52
4 vs 4 Defense
Line #DefensePHYDFOFWanted %Time %Time Play
1Nick HoldenSami Vatanen0325044%50% - 0:52
2Ty SmithDan Hamhuis0325056%50% - 1:07
Last Minutes Offensive
Left WingCenterRight WingDefenseDefense
Brady TkachukJack EichelJonathan DrouinNick HoldenSami Vatanen
Last Minutes Defensive
Left WingCenterRight WingDefenseDefense
Jonathan DrouinJack EichelFilip ZadinaNick HoldenSami Vatanen
Time
Total ForwardTotal DefenseLast Minutes OffensiveLast Minutes Defensive
60:00 60:00 0:070:00
Extra Forwards
Normal PowerPlayPenalty Kill
Arthur Kaliyev, Jack Eichel, Jonathan DrouinKirby Dach, Jonathan DrouinJack Eichel
Extra Defensemen
Normal PowerPlayPenalty Kill
Duncan Keith, Nick Holden, Dan HamhuisSami Vatanen, Niklas HjalmarssonNick Holden
Penalty Shots
Jack Eichel, Zack Smith, Jonathan Drouin, Filip Zadina, Kirby Dach
Goalie
Thatcher Demko, Anton Khudobin
Custom OT Lines Forwards
Filip Zadina, Arthur Kaliyev, Jack Eichel, Brady Tkachuk, Kirby Dach, Jonathan Drouin, Nick Ritchie, Richard Panik, Zack Smith, Brett Connolly
Custom OT Lines Defensemen
Sami Vatanen, Nick Holden, Duncan Keith, Niklas Hjalmarsson, Ty Smith
Scratches
Par Lindholm (Healthy), Greg McKegg (Healthy), Henrik Lundqvist (Healthy)

Devils

5 vs 5 Forward
Line #Left WingCenterRight WingPHYDFOFWanted %Time %Time Play
1Rickard RakellTim StutzleWilliam Nylander0143331%15:47
2Pierre EngvallNicolas RoyJimmy Vesey1312928%13:50
3Andreas JohnssonJason SpezzaKevin Stenlund0142828%14:04
4Juho LammikkoVictor RaskJosh Leivo1311013%6:27
5 vs 5 Defense
Line #DefenseDefensePHYDFOFWanted %Time %Time Play
1Charlie McAvoyColin Miller1224336%17:54
2Josh MorrisseyTravis Dermott1223836%18:11
3Johnny BoychukLuke Schenn2301928%14:03
4Charlie McAvoyJosh Morrissey12200%0:00
Power Play Forward
Line #Left WingCenterRight WingPHYDFOFWanted %Time %Time Play
1Rickard RakellWilliam NylanderPierre Engvall0055943%0:51
2Tim StutzleJason SpezzaAndreas Johnsson0234157%1:08
Power Play Defense
Line #DefenseDefensePHYDFOFWanted %Time %Time Play
1Charlie McAvoyJosh Morrissey0145957%1:08
2Johnny BoychukColin Miller1224143%0:51
Penalty Kill 4 Players Forward
Line #CenterWingPHYDFOFWanted %Time %Time Play
1William NylanderRickard Rakell1225058%3:15
2Nicolas RoyTim Stutzle1225042%2:22
Penalty Kill 4 Players Defense
Line #DefenseDefensePHYDFOFWanted %Time %Time Play
1Charlie McAvoyJosh Morrissey1225051%2:51
2Johnny BoychukColin Miller1225049%2:46
Penalty Kill 3 Players
Line #WingPHYDFOFWanted %Time %Time PlayDefenseDefensePHYDFOFWanted %Time %Time Play
1William Nylander122500%0:00 Charlie McAvoyJosh Morrissey122500%0:00
2Rickard Rakell122500%0:00 Johnny BoychukColin Miller122500%0:00
4 vs 4 Forward
Line #CenterWingPHYDFOFWanted %Time %Time Play
1William NylanderRickard Rakell1225059%1:10
2Nicolas RoyTim Stutzle1225041%0:49
4 vs 4 Defense
Line #DefensePHYDFOFWanted %Time %Time Play
1Charlie McAvoyJosh Morrissey1225045%50% - 0:54
2Johnny BoychukColin Miller1225055%50% - 1:05
Last Minutes Offensive
Left WingCenterRight WingDefenseDefense
Rickard RakellTim StutzleWilliam NylanderCharlie McAvoyJosh Morrissey
Last Minutes Defensive
Left WingCenterRight WingDefenseDefense
Jimmy VeseyNicolas RoyPierre EngvallCharlie McAvoyColin Miller
Time
Total ForwardTotal DefenseLast Minutes OffensiveLast Minutes Defensive
60:00 60:00 0:000:17
Extra Forwards
Normal PowerPlayPenalty Kill
Jimmy Vesey, Victor Rask, Josh LeivoJimmy Vesey, Victor RaskJosh Leivo
Extra Defensemen
Normal PowerPlayPenalty Kill
Travis Dermott, Luke Schenn, Johnny BoychukTravis Dermott, Luke SchennJohnny Boychuk
Penalty Shots
William Nylander, Rickard Rakell, Tim Stutzle, Nicolas Roy, Pierre Engvall
Goalie
Alex Nedeljkovic, Carter Hutton
Custom OT Lines Forwards
William Nylander, Rickard Rakell, Nicolas Roy, Tim Stutzle, Andreas Johnsson, Jason Spezza, Pierre Engvall, Jimmy Vesey, Victor Rask, Josh Leivo
Custom OT Lines Defensemen
Charlie McAvoy, Josh Morrissey, Johnny Boychuk, Colin Miller, Travis Dermott
Scratches
Lawrence Pilut (Healthy), Charles Hudon (Left Ankle Injury), Malcolm Subban (Healthy)


Play-by-Play

1st period


0:01 of 1st period - Brady Tkachuk wins face-off versus Tim Stutzle in neutral zone.
0:09 of 1st period - Charlie McAvoy is hit by Brady Tkachuk and loses puck.
1:06 of 1st period - Shot by Josh Morrissey.
1:06 of 1st period - Shot Misses the Net.
1:16 of 1st period - Shot by Kirby Dach.
1:16 of 1st period - Deflect By Jonathan Drouin.
1:16 of 1st period - Stopped by Alex Nedeljkovic without a rebound.
1:17 of 1st period - Jason Spezza wins face-off versus Zack Smith in Devils zone.
1:30 of 1st period - Shot by Zack Smith.
1:30 of 1st period - Deflect By Nick Ritchie.
1:30 of 1st period - Shot Misses the Net.
1:32 of 1st period - Shot by Zack Smith.
1:32 of 1st period - Shot Blocked by Johnny Boychuk.
1:34 of 1st period - Shot by Brett Connolly.
1:34 of 1st period - Shot Misses the Net.
1:38 of 1st period - Shot by Zack Smith.
1:38 of 1st period - Stopped by Alex Nedeljkovic without a rebound.
1:39 of 1st period - Dominic Toninato wins face-off versus Victor Rask in Devils zone.
1:46 of 1st period - Shot by Trevor Lewis.
1:46 of 1st period - Stopped by Alex Nedeljkovic with a rebound.
1:57 of 1st period - Icing by Victor Rask.
1:58 of 1st period - Kirby Dach wins face-off versus Victor Rask in Devils zone.
2:07 of 1st period - Shot by Dan Hamhuis.
2:07 of 1st period - Stopped by Alex Nedeljkovic without a rebound.
2:08 of 1st period - Jason Spezza wins face-off versus Brett Connolly in Devils zone.
2:32 of 1st period - Shot by Niklas Hjalmarsson.
2:32 of 1st period - Stopped by Alex Nedeljkovic without a rebound.
2:33 of 1st period - Kirby Dach wins face-off versus Nicolas Roy in Devils zone.
2:34 of 1st period - Shot by Arthur Kaliyev.
2:34 of 1st period - Stopped by Alex Nedeljkovic without a rebound.
2:35 of 1st period - Kirby Dach wins face-off versus Nicolas Roy in Devils zone.
2:50 of 1st period - Shot by Nicolas Roy.
2:50 of 1st period - Shot Misses the Net.
2:52 of 1st period - Shot by Luke Schenn.
2:52 of 1st period - Shot Misses the Net.
2:54 of 1st period - Shot by Jimmy Vesey.
2:54 of 1st period - Shot Blocked by Dan Hamhuis.
2:56 of 1st period - Shot by Nicolas Roy.
2:56 of 1st period - Stopped by Thatcher Demko without a rebound.
2:57 of 1st period - Tim Stutzle wins face-off versus Dominic Toninato in Penguins zone.
3:00 of 1st period - Shot by Rickard Rakell.
3:00 of 1st period - Shot Blocked by Duncan Keith.
3:52 of 1st period - Sami Vatanen is hit by Andreas Johnsson and loses puck.
4:04 of 1st period - Charlie McAvoy is hit by Trevor Lewis and loses puck.
4:22 of 1st period - Filip Zadina is hit by Colin Miller and loses puck.
4:35 of 1st period - Shot by Jack Eichel.
4:35 of 1st period - Shot Misses the Net.
4:37 of 1st period - Shot by Nick Holden.
4:37 of 1st period - Shot Blocked by Andreas Johnsson.
4:39 of 1st period - Shot by Niklas Hjalmarsson.
4:39 of 1st period - Stopped by Alex Nedeljkovic with a rebound.
4:45 of 1st period - Shot by Brady Tkachuk.
4:45 of 1st period - Goal by Brady Tkachuk - Penguins : 1 - Devils : 0.
4:46 of 1st period - Nicolas Roy wins face-off versus Kirby Dach in neutral zone.
4:48 of 1st period - Johnny Boychuk is hit by Dan Hamhuis and loses puck.
5:18 of 1st period - Icing by Luke Schenn.
5:19 of 1st period - Zack Smith wins face-off versus Pierre Engvall in Devils zone.
5:23 of 1st period - Icing by Jimmy Vesey.
5:24 of 1st period - Nicolas Roy wins face-off versus Jack Eichel in Devils zone.
5:54 of 1st period - Icing by Jack Eichel.
5:55 of 1st period - Tim Stutzle wins face-off versus Jack Eichel in Penguins zone.
5:58 of 1st period - Shot by William Nylander.
5:58 of 1st period - Stopped by Thatcher Demko without a rebound.
5:59 of 1st period - Tim Stutzle wins face-off versus Zack Smith in Penguins zone.
6:06 of 1st period - Shot by Tim Stutzle.
6:06 of 1st period - Stopped by Thatcher Demko with a rebound.
6:08 of 1st period - Shot by Josh Morrissey.
6:08 of 1st period - Stopped by Thatcher Demko without a rebound.
6:09 of 1st period - Victor Rask wins face-off versus Kirby Dach in Penguins zone.
6:11 of 1st period - Juho Lammikko is hit by Duncan Keith and loses puck.
6:16 of 1st period - Shot by Victor Rask.
6:16 of 1st period - Stopped by Thatcher Demko without a rebound.
6:17 of 1st period - Zack Smith wins face-off versus Tim Stutzle in Penguins zone.
7:17 of 1st period - Jonathan Drouin is hit by Charlie McAvoy and loses puck.
8:14 of 1st period - Shot by Filip Zadina.
8:14 of 1st period - Shot Misses the Net.
8:36 of 1st period - Shot by Jack Eichel.
8:36 of 1st period - Shot Blocked by Travis Dermott.
9:47 of 1st period - Shot by Nicolas Roy.
9:47 of 1st period - Shot Misses the Net.
10:36 of 1st period - Icing by Sami Vatanen.
10:37 of 1st period - Dominic Toninato wins face-off versus Tim Stutzle in Penguins zone.
11:02 of 1st period - Tim Stutzle is hit by Nick Holden.
11:18 of 1st period - Shot by Brady Tkachuk.
11:18 of 1st period - Shot Misses the Net.
11:20 of 1st period - Shot by Filip Zadina.
11:20 of 1st period - Shot Blocked by Charlie McAvoy.
11:48 of 1st period - Shot by Johnny Boychuk.
11:48 of 1st period - Shot Misses the Net.
12:33 of 1st period - Icing by Dan Hamhuis.
12:34 of 1st period - Kirby Dach wins face-off versus Nicolas Roy in Penguins zone.
12:34 of 1st period - Kirby Dach is hit by Pierre Engvall.
12:49 of 1st period - Jimmy Vesey is hit by Niklas Hjalmarsson.
13:05 of 1st period - Shot by Pierre Engvall.
13:05 of 1st period - Stopped by Thatcher Demko with a rebound.
13:07 of 1st period - Shot by Nicolas Roy.
13:07 of 1st period - Deflect By Jimmy Vesey.
13:07 of 1st period - Goal by Jimmy Vesey - Penguins : 1 - Devils : 1.
13:08 of 1st period - Jason Spezza wins face-off versus Jack Eichel in neutral zone.
13:15 of 1st period - Shot by Jason Spezza.
13:15 of 1st period - Stopped by Thatcher Demko without a rebound.
13:16 of 1st period - Jack Eichel wins face-off versus Tim Stutzle in Penguins zone.
13:16 of 1st period - Jack Eichel is hit by Rickard Rakell.
13:34 of 1st period - Shot by Rickard Rakell.
13:34 of 1st period - Stopped by Thatcher Demko without a rebound.
13:35 of 1st period - Nicolas Roy wins face-off versus Zack Smith in Penguins zone.
13:43 of 1st period - Zack Smith is hit by Travis Dermott and loses puck.
14:03 of 1st period - Minor Penalty to Pierre Engvall for High sticking.
14:04 of 1st period - Kirby Dach wins face-off versus William Nylander in Devils zone.
14:15 of 1st period - Shot by Sami Vatanen.
14:15 of 1st period - Shot Misses the Net.
14:17 of 1st period - Shot by Duncan Keith.
14:17 of 1st period - Shot Misses the Net.
15:14 of 1st period - Niklas Hjalmarsson is hit by Nicolas Roy and loses puck.
16:32 of 1st period - Trevor Lewis is hit by Jason Spezza and loses puck.
17:03 of 1st period - Shot by Victor Rask.
17:03 of 1st period - Shot Blocked by Nick Holden.
17:05 of 1st period - Shot by Johnny Boychuk.
17:05 of 1st period - Stopped by Thatcher Demko without a rebound.
17:06 of 1st period - Kirby Dach wins face-off versus Nicolas Roy in Penguins zone.
17:21 of 1st period - Shot by Pierre Engvall.
17:21 of 1st period - Shot Misses the Net.
17:23 of 1st period - Shot by Pierre Engvall.
17:23 of 1st period - Stopped by Thatcher Demko without a rebound.
17:24 of 1st period - Tim Stutzle wins face-off versus Jack Eichel in Penguins zone.
17:25 of 1st period - Shot by William Nylander.
17:25 of 1st period - Stopped by Thatcher Demko without a rebound.
17:26 of 1st period - Jack Eichel wins face-off versus Tim Stutzle in Penguins zone.
17:26 of 1st period - Duncan Keith is hit by Tim Stutzle and loses puck.
17:47 of 1st period - Sami Vatanen is hit by Rickard Rakell and loses puck.
18:32 of 1st period - Charlie McAvoy is hit by Jonathan Drouin and loses puck.
19:00 of 1st period - Shot by Kirby Dach.
19:00 of 1st period - Stopped by Alex Nedeljkovic without a rebound.
19:01 of 1st period - Zack Smith wins face-off versus Nicolas Roy in Devils zone.
19:04 of 1st period - Shot by Nick Ritchie.
19:04 of 1st period - Stopped by Alex Nedeljkovic without a rebound.
19:05 of 1st period - Nicolas Roy wins face-off versus Zack Smith in Devils zone.
19:20 of 1st period - Travis Dermott is hit by Zack Smith.
19:24 of 1st period - Zack Smith is hit by Nicolas Roy and loses puck.
19:43 of 1st period - Shot by Zack Smith.
19:43 of 1st period - Shot Blocked by Josh Morrissey.
Goals for this period are 1 for Penguins vs 1 for Devils.
Shots for this period are 10 for Penguins vs 12 for Devils.

2nd period


0:01 of 2nd period - Jason Spezza wins face-off versus Jack Eichel in neutral zone.
0:08 of 2nd period - Shot by Andreas Johnsson.
0:08 of 2nd period - Shot Misses the Net.
0:39 of 2nd period - Shot by Andreas Johnsson.
0:39 of 2nd period - Shot Misses the Net.
0:56 of 2nd period - Icing by Charlie McAvoy.
0:57 of 2nd period - Kirby Dach wins face-off versus Jason Spezza in Devils zone.
1:18 of 2nd period - Shot by Arthur Kaliyev.
1:18 of 2nd period - Stopped by Alex Nedeljkovic without a rebound.
1:19 of 2nd period - Tim Stutzle wins face-off versus Zack Smith in Devils zone.
1:34 of 2nd period - Shot by William Nylander.
1:34 of 2nd period - Stopped by Thatcher Demko without a rebound.
1:35 of 2nd period - Kirby Dach wins face-off versus Nicolas Roy in Penguins zone.
1:48 of 2nd period - Shot by Nick Holden.
1:48 of 2nd period - Shot Blocked by Johnny Boychuk.
2:12 of 2nd period - Shot by Jimmy Vesey.
2:12 of 2nd period - Shot Blocked by Niklas Hjalmarsson.
2:16 of 2nd period - Shot by Pierre Engvall.
2:16 of 2nd period - Shot Misses the Net.
2:49 of 2nd period - Shot by Tim Stutzle.
2:49 of 2nd period - Stopped by Thatcher Demko without a rebound.
2:50 of 2nd period - Jason Spezza wins face-off versus Jack Eichel in Penguins zone.
2:56 of 2nd period - Minor Penalty to Sami Vatanen for Interference.
2:57 of 2nd period - Trevor Lewis wins face-off versus Jason Spezza in Penguins zone.
3:21 of 2nd period - Duncan Keith is hit by Andreas Johnsson and loses puck.
4:18 of 2nd period - Shot by Pierre Engvall.
4:18 of 2nd period - Shot Misses the Net.
4:20 of 2nd period - Shot by William Nylander.
4:20 of 2nd period - Stopped by Thatcher Demko with a rebound.
4:22 of 2nd period - Shot by Johnny Boychuk.
4:22 of 2nd period - Shot Misses the Net.
4:24 of 2nd period - Shot by Pierre Engvall.
4:24 of 2nd period - Stopped by Thatcher Demko with a rebound.
4:49 of 2nd period - Shot by Josh Morrissey.
4:49 of 2nd period - Shot Misses the Net.
4:51 of 2nd period - Shot by Josh Morrissey.
4:51 of 2nd period - Stopped by Thatcher Demko with a rebound.
4:53 of 2nd period - Shot by Charlie McAvoy.
4:53 of 2nd period - Stopped by Thatcher Demko without a rebound.
4:54 of 2nd period - William Nylander wins face-off versus Jonathan Drouin in Penguins zone.
5:07 of 2nd period - Shot by Jack Eichel.
5:07 of 2nd period - Shot Blocked by Luke Schenn.
5:13 of 2nd period - Luke Schenn is hit by Brady Tkachuk and loses puck.
5:32 of 2nd period - Minor Penalty to Juho Lammikko for Hooking.
5:33 of 2nd period - Nicolas Roy wins face-off versus Filip Zadina in Devils zone.
6:49 of 2nd period - Shot by Zack Smith.
6:49 of 2nd period - Shot Misses the Net.
6:51 of 2nd period - Shot by Sami Vatanen.
6:51 of 2nd period - Stopped by Alex Nedeljkovic without a rebound.
6:52 of 2nd period - Jack Eichel wins face-off versus William Nylander in Devils zone.
7:09 of 2nd period - Shot by Sami Vatanen.
7:09 of 2nd period - Shot Misses the Net.
7:11 of 2nd period - Shot by Sami Vatanen.
7:11 of 2nd period - Deflect By Jonathan Drouin.
7:11 of 2nd period - Goal by Jonathan Drouin - Penguins : 2 - Devils : 1.
7:12 of 2nd period - Jason Spezza wins face-off versus Dominic Toninato in neutral zone.
7:30 of 2nd period - Shot by Dominic Toninato.
7:30 of 2nd period - Stopped by Alex Nedeljkovic with a rebound.
7:32 of 2nd period - Shot by Richard Panik.
7:32 of 2nd period - Stopped by Alex Nedeljkovic without a rebound.
7:33 of 2nd period - Kirby Dach wins face-off versus Tim Stutzle in Devils zone.
7:34 of 2nd period - Shot by Jonathan Drouin.
7:34 of 2nd period - Shot Misses the Net.
7:50 of 2nd period - Travis Dermott is hit by Kirby Dach and loses puck.
8:15 of 2nd period - Shot by Arthur Kaliyev.
8:15 of 2nd period - Stopped by Alex Nedeljkovic without a rebound.
8:16 of 2nd period - Nicolas Roy wins face-off versus Jack Eichel in Devils zone.
8:26 of 2nd period - Icing by Duncan Keith.
8:27 of 2nd period - Jack Eichel wins face-off versus Jason Spezza in Penguins zone.
8:45 of 2nd period - Minor Penalty to Luke Schenn for Charging.
8:45 of 2nd period - Minor Penalty to Brady Tkachuk for Hooking.
8:46 of 2nd period - William Nylander wins face-off versus Zack Smith in neutral zone.
8:55 of 2nd period - Shot by Rickard Rakell.
8:55 of 2nd period - Stopped by Thatcher Demko with a rebound.
8:57 of 2nd period - Shot by Rickard Rakell.
8:57 of 2nd period - Shot Misses the Net.
8:59 of 2nd period - Shot by Johnny Boychuk.
8:59 of 2nd period - Stopped by Thatcher Demko with a rebound.
9:01 of 2nd period - Shot by Johnny Boychuk.
9:01 of 2nd period - Shot Misses the Net.
9:59 of 2nd period - Sami Vatanen is hit by Josh Morrissey and loses puck.
10:39 of 2nd period - Shot by Colin Miller.
10:39 of 2nd period - Goal by Colin Miller - Penguins : 2 - Devils : 2.
10:40 of 2nd period - Zack Smith wins face-off versus William Nylander in neutral zone.
11:01 of 2nd period - Shot by Jack Eichel.
11:01 of 2nd period - Stopped by Alex Nedeljkovic without a rebound.
11:02 of 2nd period - Dominic Toninato wins face-off versus Victor Rask in Devils zone.
11:23 of 2nd period - Shot by Victor Rask.
11:23 of 2nd period - Shot Misses the Net.
11:27 of 2nd period - Shot by Josh Leivo.
11:27 of 2nd period - Stopped by Thatcher Demko without a rebound.
11:28 of 2nd period - Zack Smith wins face-off versus Nicolas Roy in Penguins zone.
11:28 of 2nd period - Minor Penalty to Nicolas Roy for Hooking.
11:29 of 2nd period - Josh Leivo wins face-off versus Kirby Dach in Devils zone.
11:40 of 2nd period - Shot by Kirby Dach.
11:40 of 2nd period - Stopped by Alex Nedeljkovic without a rebound.
11:41 of 2nd period - Zack Smith wins face-off versus Josh Leivo in Devils zone.
12:57 of 2nd period - Kirby Dach is hit by Josh Morrissey and loses puck.
13:10 of 2nd period - Shot by Niklas Hjalmarsson.
13:10 of 2nd period - Shot Misses the Net.
13:12 of 2nd period - Shot by Niklas Hjalmarsson.
13:12 of 2nd period - Shot Misses the Net.
13:27 of 2nd period - Jack Eichel is hit by Tim Stutzle and loses puck.
13:51 of 2nd period - Shot by Nicolas Roy.
13:51 of 2nd period - Stopped by Thatcher Demko without a rebound.
13:52 of 2nd period - Jason Spezza wins face-off versus Jack Eichel in Penguins zone.
14:07 of 2nd period - Shot by Filip Zadina.
14:07 of 2nd period - Stopped by Alex Nedeljkovic without a rebound.
14:08 of 2nd period - Nicolas Roy wins face-off versus Dominic Toninato in Devils zone.
14:08 of 2nd period - Nicolas Roy is hit by Dominic Toninato.
14:23 of 2nd period - Jimmy Vesey is hit by Nick Holden and loses puck.
14:33 of 2nd period - Pierre Engvall is hit by Nick Holden.
14:59 of 2nd period - Niklas Hjalmarsson is hit by Rickard Rakell and loses puck.
15:23 of 2nd period - Tim Stutzle is hit by Nick Holden and loses puck.
16:00 of 2nd period - Shot by Andreas Johnsson.
16:00 of 2nd period - Shot Misses the Net.
16:02 of 2nd period - Shot by Kevin Stenlund.
16:02 of 2nd period - Goal by Kevin Stenlund - Penguins : 2 - Devils : 3.
16:03 of 2nd period - Jack Eichel wins face-off versus Victor Rask in neutral zone.
16:06 of 2nd period - Juho Lammikko is hit by Brady Tkachuk and loses puck.
17:21 of 2nd period - Nicolas Roy is hit by Dan Hamhuis and loses puck.
17:28 of 2nd period - Shot by Brett Connolly.
17:28 of 2nd period - Stopped by Alex Nedeljkovic with a rebound.
18:17 of 2nd period - Shot by Johnny Boychuk.
18:17 of 2nd period - Shot Misses the Net.
18:19 of 2nd period - Shot by Rickard Rakell.
18:19 of 2nd period - Shot Misses the Net.
19:16 of 2nd period - Shot by Jason Spezza.
19:16 of 2nd period - Shot Misses the Net.
19:18 of 2nd period - Shot by Josh Morrissey.
19:18 of 2nd period - Stopped by Thatcher Demko with a rebound.
19:56 of 2nd period - Shot by Ty Smith.
19:56 of 2nd period - Stopped by Alex Nedeljkovic with a rebound.
19:58 of 2nd period - Shot by Jack Eichel.
19:58 of 2nd period - Shot Misses the Net.
Goals for this period are 1 for Penguins vs 2 for Devils.
Shots for this period are 11 for Penguins vs 13 for Devils.

3rd period


0:01 of 3rd period - Jack Eichel wins face-off versus Tim Stutzle in neutral zone.
0:14 of 3rd period - Shot by Jack Eichel.
0:14 of 3rd period - Stopped by Alex Nedeljkovic with a rebound.
0:54 of 3rd period - Shot by Nicolas Roy.
0:54 of 3rd period - Shot Misses the Net.
1:08 of 3rd period - Shot by Pierre Engvall.
1:08 of 3rd period - Stopped by Thatcher Demko without a rebound.
1:09 of 3rd period - Jason Spezza wins face-off versus Zack Smith in Penguins zone.
1:16 of 3rd period - Shot by Andreas Johnsson.
1:16 of 3rd period - Deflect By Jason Spezza.
1:16 of 3rd period - Stopped by Thatcher Demko without a rebound.
1:17 of 3rd period - Jimmy Vesey wins face-off versus Zack Smith in Penguins zone.
1:17 of 3rd period - Josh Morrissey is hit by Nick Holden.
2:21 of 3rd period - Shot by Jonathan Drouin.
2:21 of 3rd period - Shot Blocked by Charlie McAvoy.
2:25 of 3rd period - Shot by Kirby Dach.
2:25 of 3rd period - Stopped by Alex Nedeljkovic without a rebound.
2:26 of 3rd period - Jason Spezza wins face-off versus Dominic Toninato in Devils zone.
2:26 of 3rd period - Jason Spezza is hit by Trevor Lewis.
2:35 of 3rd period - Icing by Johnny Boychuk.
2:36 of 3rd period - Jason Spezza wins face-off versus Jack Eichel in Devils zone.
2:36 of 3rd period - Jason Spezza is hit by Brady Tkachuk.
3:06 of 3rd period - Brady Tkachuk is hit by Andreas Johnsson and loses puck.
3:27 of 3rd period - Icing by Johnny Boychuk.
3:28 of 3rd period - Kirby Dach wins face-off versus Jason Spezza in Devils zone.
3:29 of 3rd period - Shot by Jonathan Drouin.
3:29 of 3rd period - Shot Misses the Net.
3:32 of 3rd period - Icing by Luke Schenn.
3:33 of 3rd period - Jason Spezza wins face-off versus Kirby Dach in Devils zone.
3:53 of 3rd period - Icing by Johnny Boychuk.
3:54 of 3rd period - Jason Spezza wins face-off versus Nick Ritchie in Devils zone.
4:19 of 3rd period - Shot by Zack Smith.
4:19 of 3rd period - Stopped by Alex Nedeljkovic with a rebound.
4:44 of 3rd period - Icing by Nick Holden.
4:45 of 3rd period - Nicolas Roy wins face-off versus Zack Smith in Penguins zone.
5:51 of 3rd period - Juho Lammikko is hit by Nick Holden.
6:03 of 3rd period - Shot by Colin Miller.
6:03 of 3rd period - Shot Blocked by Nick Holden.
6:09 of 3rd period - Shot by Josh Leivo.
6:09 of 3rd period - Stopped by Thatcher Demko with a rebound.
6:11 of 3rd period - Shot by Josh Leivo.
6:11 of 3rd period - Shot Misses the Net.
6:57 of 3rd period - Shot by Rickard Rakell.
6:57 of 3rd period - Stopped by Thatcher Demko with a rebound.
6:59 of 3rd period - Shot by Johnny Boychuk.
6:59 of 3rd period - Shot Misses the Net.
7:01 of 3rd period - Shot by Luke Schenn.
7:01 of 3rd period - Shot Blocked by Brett Connolly.
7:39 of 3rd period - Shot by Andreas Johnsson.
7:39 of 3rd period - Deflect By Kevin Stenlund.
7:39 of 3rd period - Shot Misses the Net.
7:41 of 3rd period - Shot by Josh Morrissey.
7:41 of 3rd period - Stopped by Thatcher Demko without a rebound.
7:42 of 3rd period - Jack Eichel wins face-off versus Nicolas Roy in Penguins zone.
8:07 of 3rd period - Filip Zadina is hit by Charlie McAvoy.
8:17 of 3rd period - Shot by Jack Eichel.
8:17 of 3rd period - Stopped by Alex Nedeljkovic without a rebound.
8:18 of 3rd period - Rickard Rakell wins face-off versus Kirby Dach in Devils zone.
8:18 of 3rd period - Rickard Rakell is hit by Jonathan Drouin.
8:24 of 3rd period - Shot by Rickard Rakell.
8:24 of 3rd period - Stopped by Thatcher Demko with a rebound.
8:26 of 3rd period - Shot by Travis Dermott.
8:26 of 3rd period - Stopped by Thatcher Demko with a rebound.
8:28 of 3rd period - Shot by William Nylander.
8:28 of 3rd period - Shot Misses the Net.
8:36 of 3rd period - Travis Dermott is hit by Arthur Kaliyev and loses puck.
9:47 of 3rd period - Jack Eichel is hit by Luke Schenn and loses puck.
10:26 of 3rd period - Shot by Ty Smith.
10:26 of 3rd period - Stopped by Alex Nedeljkovic without a rebound.
10:27 of 3rd period - Dominic Toninato wins face-off versus Victor Rask in Devils zone.
12:00 of 3rd period - Shot by Filip Zadina.
12:00 of 3rd period - Stopped by Alex Nedeljkovic without a rebound.
12:01 of 3rd period - Richard Panik wins face-off versus Tim Stutzle in Devils zone.
12:29 of 3rd period - Icing by Charlie McAvoy.
12:30 of 3rd period - Tim Stutzle wins face-off versus Jack Eichel in Devils zone.
12:30 of 3rd period - Tim Stutzle is hit by Brady Tkachuk.
12:39 of 3rd period - Tim Stutzle is hit by Brady Tkachuk and loses puck.
12:52 of 3rd period - Shot by Jack Eichel.
12:52 of 3rd period - Stopped by Alex Nedeljkovic without a rebound.
12:53 of 3rd period - Nicolas Roy wins face-off versus Kirby Dach in Devils zone.
12:53 of 3rd period - Nicolas Roy is hit by Jonathan Drouin.
13:01 of 3rd period - Shot by Arthur Kaliyev.
13:01 of 3rd period - Deflect By Jonathan Drouin.
13:01 of 3rd period - Stopped by Alex Nedeljkovic without a rebound.
13:02 of 3rd period - Jack Eichel wins face-off versus Jason Spezza in Devils zone.
14:26 of 3rd period - Shot by Jonathan Drouin.
14:26 of 3rd period - Deflect By Arthur Kaliyev.
14:26 of 3rd period - Stopped by Alex Nedeljkovic with a rebound.
14:28 of 3rd period - Shot by Ty Smith.
14:28 of 3rd period - Shot Blocked by Charlie McAvoy.
14:52 of 3rd period - Shot by Zack Smith.
14:52 of 3rd period - Shot Misses the Net.
15:46 of 3rd period - Shot by Brady Tkachuk.
15:46 of 3rd period - Shot Blocked by Charlie McAvoy.
15:48 of 3rd period - Shot by Nick Holden.
15:48 of 3rd period - Stopped by Alex Nedeljkovic without a rebound.
15:49 of 3rd period - Dominic Toninato wins face-off versus Nicolas Roy in Devils zone.
16:07 of 3rd period - Nicolas Roy is hit by Dominic Toninato and loses puck.
16:16 of 3rd period - Icing by Ty Smith.
16:17 of 3rd period - Jason Spezza wins face-off versus Richard Panik in Penguins zone.
16:21 of 3rd period - Icing by Richard Panik.
16:22 of 3rd period - Jason Spezza wins face-off versus Dominic Toninato in Penguins zone.
16:48 of 3rd period - Andreas Johnsson is hit by Dominic Toninato and loses puck.
16:58 of 3rd period - Icing by Jason Spezza.
16:59 of 3rd period - Kirby Dach wins face-off versus Jason Spezza in Devils zone.
17:40 of 3rd period - Shot by Jonathan Drouin.
17:40 of 3rd period - Stopped by Alex Nedeljkovic without a rebound.
17:41 of 3rd period - Jack Eichel wins face-off versus Nicolas Roy in Devils zone.
17:42 of 3rd period - Shot by Filip Zadina.
17:42 of 3rd period - Stopped by Alex Nedeljkovic with a rebound.
18:02 of 3rd period - Shot by Jack Eichel.
18:02 of 3rd period - Shot Blocked by Josh Morrissey.
18:04 of 3rd period - Shot by Nick Holden.
18:04 of 3rd period - Stopped by Alex Nedeljkovic without a rebound.
18:05 of 3rd period - Zack Smith wins face-off versus Tim Stutzle in Devils zone.
18:11 of 3rd period - Brett Connolly is hit by Charlie McAvoy and loses puck.
18:20 of 3rd period - Shot by Zack Smith.
18:20 of 3rd period - Shot Misses the Net.
18:22 of 3rd period - Shot by Zack Smith.
18:22 of 3rd period - Shot Misses the Net.
18:24 of 3rd period - Shot by Brett Connolly.
18:24 of 3rd period - Shot Misses the Net.
18:37 of 3rd period - Shot by Nick Ritchie.
18:37 of 3rd period - Stopped by Alex Nedeljkovic without a rebound.
18:38 of 3rd period - Kirby Dach wins face-off versus Nicolas Roy in Devils zone.
18:44 of 3rd period - Off-side.
18:45 of 3rd period - Nicolas Roy wins face-off versus Kirby Dach in neutral zone.
19:06 of 3rd period - Penguins, Thatcher Demko is pulled from the net.
19:55 of 3rd period - Icing by Charlie McAvoy.
19:56 of 3rd period - Victor Rask wins face-off versus Jack Eichel in Devils zone.
Goals for this period are 0 for Penguins vs 0 for Devils.
Shots for this period are 14 for Penguins vs 7 for Devils.




Output by the SimonT Hockey Simulator (STHS) for Eric Henault - Original Page W3C HTML5 Valid
Hockey Simulator - Hockey Simulation - Hockey Manager